 Dungeon Crawl Stone Soup version 0.30.0-29-ga12c61a403 (webtiles) character file.

Game seed: 6572760165262783091

404 Graphine the Trooper (level 6, -21/56 HPs)
             Began as a Hill Orc Fighter on June 13, 2023.
             Killed by an exploding gnoll (44 damage)
             ... ignited by their inner flame
             ... on level 4 of the Dungeon.
             The game lasted 00:08:39 (2937 turns).

Graphine the Trooper (Hill Orc Fighter)             Turns: 2937, Time: 00:08:41

Health: -21/56     AC:  0    Str: 21    XL:     6   Next: 86%
Magic:  5/7        EV: 17    Int:  8    God:
Gold:   257        SH:  5    Dex: 15    Spells: 7/7 levels left

rFire   . . .        a - melded +0 war axe
rCold   . . .        c - melded +0 buckler
rNeg    . . .        b - melded +0 scale mail
rPois   .            o - melded +0 helmet
rElec   .            l - melded +0 cloak
rCorr   .            m - melded +0 pair of gloves
SInv    .            (boots currently unavailable)
Will    .....        y - amulet of reflection
Stlth   +            (ring currently unavailable)
HPRegen 0.29/turn    (ring currently unavailable)
MPRegen 0.10/turn

%: reflection
@: mighty, bat-form (expiring), flying, hasted, very quick
A: fast, flying, no casting, tiny
a: no special abilities


You were on level 4 of the Dungeon.
You were a bat.
You visited 1 branch of the dungeon, and saw 4 of its levels.

You collected 257 gold pieces.

Inventory:

Hand Weapons
 a - a +0 war axe (melded)
 n - a +3 falchion
 s - a +1 morningstar of distortion
Armour
 b - a +0 scale mail (melded)
 c - a +0 buckler (melded)
 l - a +0 cloak (melded)
 m - a +0 pair of gloves (melded)
 o - a +0 helmet (melded)
 r - a +1 ring mail of cold resistance
Jewellery
 i - an amulet of guardian spirit
 u - a ring of ice
 y - an amulet of reflection (around neck)
Wands
 p - a wand of polymorph (3)
 x - a wand of flame (17)
Potions
 d - a potion of might
 f - 4 potions of haste
 g - a potion of magic
 h - a potion of attraction
 j - a potion of degeneration {unknown}
 k - 2 potions of brilliance
 q - a potion of lignification {unknown}


   Skills:
 * Level 5.2 Fighting
 * Level 4.8 Axes
 * Level 4.7 Armour
 * Level 4.7 Shields
 + Level 1.1 Spellcasting
 + Level 1.7 Fire Magic


You had 7 spell levels left.
You didn't know any spells.
Your spell library contained the following spells:

 Spells                   Type           Power      Damage    Failure   Level
 Foxfire                  Conj/Fire      4%         2x1d4     28%         1
 Volatile Blastmotes      Fire/Tloc      2%         2d10      63%         3
 Dazzling Flash           Conj/Hex       0%         N/A       75%         3
 Iskenderun's Mystic Bla  Conj/Tloc      0%         2d3       98%         4
 Fireball                 Conj/Fire      0%         3d3       100%        5
 Plasma Beam              Fire/Air       0%         2x1d11    100%        6
 Starburst                Conj/Fire      0%         6d3       100%        6


Dungeon Overview and Level Annotations

Branches:
Dungeon (4/15)
 Temple: D:4-7

Altars:

Annotations:
D:4 1 transporter, klichko's ghost, amateur GnWn


Message History

It was a scroll of immolation.
The gnoll completely misses you.
The gnoll throws a throwing net.
The throwing net hits you.
You become entangled in the net!
The gnoll closely misses you.
Klichko's ghost breaks down the door.
You struggle against the net.
The gnoll hits you from afar with a +0 halberd!
The gnoll hits you from afar with a +1 spear of electrocution!
The gnoll barely misses you.
You tear a large gash into the net.
The gnoll barely misses you.
The gnoll hits you from afar with a +1 spear of electrocution!
* * * LOW HITPOINT WARNING * * *
The gnoll hits you with a +0 halberd of chaos.
* * * LOW HITPOINT WARNING * * *
You feel your power leaking away.
Okay, then.
Blink to where?
Press: ? - help, Dir - move target, p - gnoll
As you read the scroll of blinking, it crumbles to dust.
Press: ? - help, v - describe, . - travel, g - get item Item here: a manual of Stealth.
The floor.
You aren't carrying any scrolls.
Unknown command.
You aren't carrying any scrolls.
Unknown command.
You feel much better.
You feel yourself speed up.
Your transformation is almost over.
You block the gnoll's attack.
You feel mightier all of a sudden. The gnoll closely misses you.
The gnoll hits you from afar with a +0 halberd of chaos.
You bite the gnoll!
Flame seeps out of the gnoll.
The gnoll is severely wounded.
The gnoll closely misses you.
The gnoll is engulfed in blazing flames.
The gnoll explodes!
The fiery explosion engulfs the gnoll!!
The fiery explosion engulfs you!!!
Ouch! That really hurt!
You die...

≈≈≈≈≈≈≈≈≈≈...≈≈≈≈≈≈≈≈≈≈≈.#......
≈≈≈≈≈≈≈≈≈≈...≈≈≈≈≈≈≈≈≈≈≈........
####...........#####≈≈...#....
#...#.###.©.###.#...#≈≈........
#...###©#####.###...#≈≈.>......
...............###≈≈..#.....
g##'###'######.# .≈≈..##...^
##.#P..#.g8#?§g#.##.≈≈..###...
#..'..)..©⌠#:b○W..#.~~..# #.##
##.#P..#..8#=§g#.##.≈≈..###.##
##+###'######.# ≈≈........
........g......# ≈.####.##
...###.#####.###...# .# #... ..
#.###.©.###.#...# # #.#. # #
........!.#####≈ # ## ≈≈
≈≈≈≈~≈≈≈≈≈≈≈ ≈≈≈.
≈≈≈≈≈≈~≈≈≈≈≈≈≈≈ ≈≈.


You could see klichko's ghost and 2 gnolls.

Vanquished Creatures
  Grinder (D:3)
  Ijyb (D:3)
  Robin (D:3)
  3 gnolls (D:4)
  8 adders
  A worm (D:3)
  3 dart slugs
  8 orcs
  7 ball pythons
  3 bats
  7 endoplasms
  5 giant cockroaches
  13 goblins
  9 hobgoblins
  4 jackals (D:3)
  A quokka (D:1)
  A frilled lizard (D:3)
  7 kobolds
  3 rats
86 creatures vanquished.

Notes
Turn   | Place    | Note
-------+----------+-------------------------------------------
     0 | D:1      | Graphine the Hill Orc Fighter began the quest for the Orb.
     0 | D:1      | Reached XP level 1. HP: 19/19 MP: 1/1
   103 | D:1      | Reached XP level 2. HP: 22/27 MP: 2/2
   411 | D:1      | Reached skill level 4 in Fighting
   504 | D:1      | Reached XP level 3. HP: 33/33 MP: 3/3
  1054 | D:2      | Reached XP level 4. HP: 40/40 MP: 4/4
  1546 | D:3      | Noticed Grinder
  1597 | D:3      | HP: 2/41 [Grinder (7)]
  1601 | D:3      | Killed Grinder
  1602 | D:3      | Reached skill level 1 in Fire Magic
  1602 | D:3      | Reached XP level 5. HP: 28/47 MP: 0/6
  1602 | D:3      | Reached XP level 6. HP: 33/55 MP: 0/7
  1737 | D:3      | Noticed Robin
  1749 | D:3      | Reached skill level 5 in Fighting
  1760 | D:3      | Killed Robin
  1798 | D:3      | Noticed Ijyb
  1814 | D:3      | Killed Ijyb
  1815 | D:3      | Reached skill level 1 in Spellcasting
  2886 | D:4      | Found a transporter.
  2891 | D:4      | Found a transporter.
  2919 | D:4      | Noticed klichko's ghost (amateur GnWn)
  2937 | D:4      | Killed by an exploding gnoll... ignited by their inner
                  | flame

Illustrated notes

Levels and vault maps discovered:
D:1:      scummos_arrival_hexagon, layout_loops_cross
D:2:      layout_loops_corners, chequers_serial_rivers_marsh,
          grunt_ministairs_12
D:3:      layout_basic, uniq_grinder, uniq_ijyb, uniq_robin
D:4:      layout_loops_ring, gammafunk_ghost_gnarly_gnolls,
          hangedman_decor_clover_reticule, minmay_misc_feat_plants

Skill      XL: |  1  2  3  4  5  6 |
---------------+-------------------+-----
Axes           | 3 4 |  4.8
Fighting       | 4 5 |  5.2
Armour         | 4 |  4.7
Shields        | 4 |  4.7
Fire Magic     | 1 |  1.7
Spellcasting   | 1 |  1.1

Action                     |  1- 3 |  4- 6 || total
---------------------------+-------+-------++-------
  Melee: War axe           |    77 |   163 ||   240
         Unarmed           |       |     4 ||     4
  Evoke: Wand              |       |     3 ||     3
    Use: Scroll            |     4 |     6 ||    10
         Potion            |       |     9 ||     9
   Stab: Confused          |       |     1 ||     1
 Armour: Scale mail        |    33 |    82 ||   115
  Dodge: Dodged            |    35 |    94 ||   129
  Block: Buckler           |    22 |    45 ||    67
         Other             |       |     3 ||     3
